cohdb
Replays
Latest Replays
All Replays
Popular Replays
Top Player Replays
Match Explorer
How It Works
Community
CoH3 Stats
Reddit
Sign in to upload your games and track your stats! →
Sign in with Steam
Match 37916427
Unlisted
Match 37916427
Overview
Messages
Build Orders
End
Kettenkrad Recon Vehicle
Pioneer Squad
Construct Infanterie Kompanie
Selects Luftwaffe Battlegroup
Grenadier Squad
Grenadier Squad
Grenadier Squad
Construct Luftwaffe Kompanie
Infanterie Officer Quarters
Flak 30 Anti-aircraft Gun Team
Selects Luftwaffe Pioneer Support
Selects LG40 Recoilless Gun Paradrop
221 Scout Car
MG 42 Machine Gun Team
Luftwaffe Officer Quarters
Jäger Squad
Selects Stuka Strafing Run
Support Elements
Marder III M Tank Destroyer
Marder III M Tank Destroyer
Selects Fallschirmjäger Squad Paradrop
Selects Stuka Loiter
Construct Panzer Kompanie
Stuka Loiter
(502) Bad Gateway
Nicolou
0
0
Comments
sign in to comment!
No comments posted yet!